 Dungeon Crawl Stone Soup version 0.28-a0-580-ga2639ab843 (webtiles) character file.

Game seed: 6587860822277437911

115 porpoise the Conjurer (level 4, -1/24 HPs)
             Began as a Deep Elf Conjurer on Oct 3, 2021.
             Succumbed to an adder's poison
             ... on level 2 of the Dungeon.
             The game lasted 00:05:33 (2085 turns).

porpoise the Conjurer (Deep Elf Conjurer)           Turns: 2085, Time: 00:05:34

Health: -1/24      AC:  3    Str:  4    XL:     4   Next: 68%
Magic:  6/12       EV: 12    Int: 24    God:
Gold:   63         SH:  0    Dex: 13    Spells: 1/12 levels left

rFire   . . .      SeeInvis .   a - staff of conjuration
rCold   . . .      Faith    .   (no shield)
rNeg    . . .      Spirit   .   h - +0 robe
rPois   .          Reflect  .   (no helmet)
rElec   .          Harm     .   g - +0 cloak
rCorr   .          Rampage  .   (no gloves)
Will    .....                   (no boots)
Stlth   ++........              (no amulet)
HPRegen 0.08/turn               (no ring)
MPRegen 0.13/turn               (no ring)

@: lethally poisoned (-1 -> -11), slowed, very slow
A: no striking features
a: no special abilities


You were on level 2 of the Dungeon.
You visited 1 branch of the dungeon, and saw 2 of its levels.

You collected 63 gold pieces.

Inventory:

Hand Weapons
 b - a +0 hunting sling
Missiles
 i - 15 sling bullets
 j - 5 stones
Armour
 g - a +0 cloak (worn)
 h - a +0 robe (worn)
Magical Staves
 a - a staff of conjuration (weapon)
Scrolls
 d - a scroll of teleportation {unknown}
 e - a scroll of fog {unknown}
 f - a scroll of enchant weapon {unknown}


   Skills:
 - Level 2.4 Dodging
 - Level 2.4 Stealth
 + Level 4.6 Spellcasting
 - Level 5.6 Conjurations
 + Level 1.9 Hexes


You had one spell level left.
You knew the following spells:

 Your Spells              Type           Power      Damage    Failure   Level
a - Magic Dart            Conj           100%       1d8       1%          1
b - Searing Ray           Conj           98%        2d8       1%          2
c - Fulminant Prism       Conj/Hex       17%        3d11      19%         4
d - Iskenderun's Mystic   Conj/Tloc      28%        2d7       28%         4

Your spell library contained the following spells:

 Spells                   Type           Power      Damage    Failure   Level
 Dazzling Flash           Conj/Hex       70%        N/A       6%          3


Dungeon Overview and Level Annotations

Branches:
Dungeon (2/15)

Altars:


Message History

You feel yourself slow down.
You feel sick. The adder bites you but does no damage.
Natasha barely misses you.
You feel sick. The adder closely misses you. Natasha casts a spell at you.
The magic dart hits you!
There is an open door here.
You feel sick.
You are no longer poisoned.
The adder closely misses you.
Natasha casts a spell.
The adder bites you.
You are poisoned.
The adder poisons you!
* * * LOW HITPOINT WARNING * * *
You feel very sick.
Natasha mumbles some strange words.
The adder barely misses you.
Casting: Searing Ray (safe; 1% risk of failure)
Confirm with . or Enter, or press ? or * to list all spells.
Aiming: Searing Ray (safe; 1% risk of failure)
Press: ? - help, Shift-Dir - straight line, f/p - Natasha
Aim: Natasha (severely wounded, 79% to hit)
You feel a surge of power!
The searing ray hits the adder.
The adder is heavily wounded.
The searing ray hits Natasha!
You kill Natasha!
Natasha growls in agony!
The crimson imp disappears in a puff of smoke!
The iron imp disappears in a puff of smoke! (Press . to maintain the ray.)
* * * LOW HITPOINT WARNING * * *
You feel sick. The adder bites you.
* * * LOW HITPOINT WARNING * * *
You are more poisoned.
The adder poisons you! The adder bites you.
* * * LOW HITPOINT WARNING * * *
The searing ray hits the adder!
You kill the adder!
You die...

#.... #...... #...... ##
#####..... #. .......... #.
........=# ##########.
........§##########..........
........†'§†@................
.......|.##########...†...)..
...".....# #..........
.........# ###########
.........# .........#
.........# .........#
##########


There were no monsters in sight!

Vanquished Creatures
  Natasha (twice) (D:2)
  Robin (D:2)
  An adder (D:2)
  A dart slug (D:1)
  A ball python (D:1)
  5 bats (D:1)
  4 endoplasms
  2 giant cockroaches
  12 goblins
  6 hobgoblins
  2 quokkas (D:1)
  4 frilled lizards
  3 kobolds
  6 rats
50 creatures vanquished.

Notes
Turn   | Place    | Note
-------+----------+-------------------------------------------
     0 | D:1      | porpoise the Deep Elf Conjurer began the quest for the Orb.
     0 | D:1      | Reached XP level 1. HP: 10/10 MP: 6/6
   577 | D:1      | Reached XP level 2. HP: 15/15 MP: 5/8
   626 | D:1      | Learned a level 2 spell: Searing Ray
   829 | D:1      | Reached skill level 5 in Conjurations
  1048 | D:1      | Reached XP level 3. HP: 19/19 MP: 8/10
  1518 | D:2      | Noticed Natasha
  1524 | D:2      | Killed Natasha
  1687 | D:2      | Reached XP level 4. HP: 21/24 MP: 8/12
  1730 | D:2      | Learned a level 4 spell: Fulminant Prism
  1735 | D:2      | Learned a level 4 spell: Iskenderun's Mystic Blast
  1747 | D:2      | Noticed Robin
  1751 | D:2      | Killed Robin
  1753 | D:2      | Reached skill level 1 in Hexes
  2071 | D:2      | Noticed Natasha
  2084 | D:2      | Killed Natasha
  2085 | D:2      | Succumbed to an adder's poison

Illustrated notes

Levels and vault maps discovered:
D:1:      dpeg_arrival_shrine, layout_loops_ring
D:2:      layout_basic, chequers_ecumenical_altar_simple, uniq_robin,
          uniq_natasha

Skill      XL: |  1  2  3  4 |
---------------+-------------+-----
Conjurations   | 5 |  5.6
Spellcasting   | 4 |  4.6
Hexes          | 1 |  1.9
Dodging        | |  2.4
Stealth        | |  2.4

Action                   |  1- 3 |  4- 6 || total
-------------------------+-------+-------++-------
 Cast: Magic Dart        |    58 |     7 ||    65
       Searing Ray       |     2 |     4 ||     6
  Use: Potion            |       |     1 ||     1
Armor: Robe              |     1 |     3 ||     4
Dodge: Dodged            |     1 |     6 ||     7

Table legend: (Time is in decaauts)
 A = Elapsed time spent in this place.
 B = Non-inter-level travel time spent in this place.
 C = Inter-level travel time spent in this place.
 D = Time resting spent in this place.
 E = Time spent auto-exploring this place.
 F = Levels seen in this place.
 G = Mean time per level.
                   A        B        C        D        E       F      G
               +--------+--------+--------+--------+--------+-----+--------+
         Total |   2088 |   2051 |     37 |   1175 |    616 |   2 | 1044.0 |
       Dungeon |   2088 |   2051 |     37 |   1175 |    616 |   2 | 1044.0 |
               +--------+--------+--------+--------+--------+-----+--------+

Top non-repeatable levels by time:
     D:1: 1442 daAuts
     D:2: 646 daAuts
